 Dungeon Crawl Stone Soup version 0.26.1-11-gd32895ea62 (webtiles) character file.

Game seed: 18341583134950097893

134925 nothank2 the Devastator (level 16, -1/122 HPs)
             Began as a Green Draconian Conjurer on July 8, 2021.
             Was a High Priest of Vehumet.
             Slain by an eight-headed hydra (8 damage)
             ... on level 4 of the Swamp on July 9, 2021.
             The game lasted 03:38:16 (46099 turns).

nothank2 the Devastator (Green Draconian Conjurer) Turns: 46099, Time: 03:38:18

Health: -1/122     AC: 20    Str: 17    XL:     16   Next: 63%
Magic:  31/45      EV: 17    Int: 33    God:    Vehumet [*****.]
Gold:   2894       SH:  0    Dex: 11    Spells: 14/47 levels left

rFire    . . .     SeeInvis +   c - +3 whip of Undoing {elec, Int+9}
rCold    . . .     Faith    .   (no shield)
rNeg     . . .     Spirit   .   (armour unavailable)
rPois    +         Reflect  .   f - +2 hat {SInv}
rElec    .         Harm     .   O - +2 cloak {Stlth+}
rCorr    .         Rampage  .   y - +2 pair of gloves
Will     +....                  C - +2 pair of boots
Stlth    +++.......             a - amulet of the acrobat
HPRegen  0.30/turn              u - ring of Leukok {EV+4 Str+7 Stlth+}
MPRegen  0.29/turn              t - ring of magical power

@: no status effects
A: breathe noxious fumes, unfitting armour, stinger 1, poison resistance,
cold-blooded, AC +9
a: Breathe Noxious Fumes, Renounce Religion


You were on level 4 of the Swamp.
You worshipped Vehumet.
Vehumet was extremely pleased with you.
You visited 4 branches of the dungeon, and saw 27 of its levels.
You also visited: Bailey.

You collected 3094 gold pieces.
You spent 200 gold pieces at shops.

Inventory:

Hand Weapons
 c - the +3 whip of Undoing (weapon) {elec, Int+9}
   (You found it on level 2 of the Lair of Beasts)

   Occasionally, upon striking a foe, it can discharge electrical energy and
   cause terrible harm.
   It affects your intelligence (+9).
 B - a +8 vorpal scimitar
Missiles
 z - a throwing net
Armour
 f - a +2 hat of see invisible (worn)
 y - a +2 pair of gloves (worn)
 C - a +2 pair of boots (worn)
 O - a +2 cloak of stealth (worn)
Magical Staves
 m - an uncursed staff of fire
 D - an uncursed staff of conjuration
Jewellery
 a - an amulet of the acrobat (around neck)
 p - an uncursed ring of positive energy
 q - an uncursed ring of see invisible
 t - a ring of magical power (right hand)
 u - the ring of Leukok (left hand) {EV+4 Str+7 Stlth+}
   (You found it on level 2 of the Lair of Beasts)

   [ring of evasion]

   It affects your evasion (+4).
   It affects your strength (+7).
   It makes you more stealthy.
 v - an uncursed ring of positive energy
 w - an uncursed ring of protection from fire
 Q - a +6 ring of intelligence {unknown}
 R - an uncursed ring of protection from cold {unknown}
 S - a cursed -4 ring of strength {unknown}
 U - an uncursed amulet of regeneration
 W - a cursed -4 ring of protection {unknown}
Wands
 l - a wand of random effects (62)
 o - a wand of iceblast (9)
 x - a wand of paralysis (31)
 E - a wand of flame (48)
 G - a wand of acid (13)
 H - a wand of digging (10)
 K - a wand of disintegration (11)
 L - a wand of enslavement (28)
 M - a wand of polymorph (13)
Scrolls
 b - 13 scrolls of teleportation
 e - 6 scrolls of identify
 i - a scroll of brand weapon {unknown}
 j - 5 scrolls of blinking
 k - 6 scrolls of amnesia
 n - 3 scrolls of enchant armour
 I - 3 scrolls of fog
 J - 6 scrolls of remove curse
 P - a scroll of torment
 V - a scroll of holy word
Potions
 d - 2 potions of experience {unknown}
 g - 3 potions of lignification
 h - 5 potions of heal wounds
 r - 11 potions of curing
 s - 2 potions of flight
 A - 3 potions of haste
 F - 3 potions of brilliance
 N - 3 potions of might
 T - a potion of berserk rage


   Skills:
 + Level 6.1 Fighting
 - Level 3.0 Staves
 - Level 4.0 Dodging
 - Level 1.7 Stealth
 + Level 16.0 Spellcasting
 + Level 18.9 Conjurations
 - Level 4.3 Hexes
 - Level 2.3 Transmutations
 + Level 8.4 Fire Magic
 + Level 5.0 Ice Magic
 - Level 2.0 Air Magic
 - Level 4.3 Earth Magic
 - Level 4.4 Poison Magic


You had 14 spell levels left.
You knew the following spells:

 Your Spells              Type           Power        Failure   Level
a - Magic Dart            Conj           100%         0%          1
b - Searing Ray           Conj           100%         0%          2
c - Fulminant Prism       Conj/Hex       40%          1%          4
d - Freeze                Ice            100%         1%          1
e - Frozen Ramparts       Ice            100%         1%          3
f - Ozocubu's Refrigerat  Ice            28%          9%          6
g - Bolt of Magma         Conj/Fire/Erth 38%          1%          5
h - Lightning Bolt        Conj/Air       38%          1%          5
i - Starburst             Conj/Fire      43%          1%          6

Your spell library contained the following spells:

 Spells                   Type           Power        Failure   Level
 Conjure Flame            Conj/Fire      86%          0%          3
 Iskenderun's Battlesphe  Conj           100%         0%          5
 Sandblast                Erth           100%         1%          1
 Passwall                 Tmut/Erth      40%          1%          2
 Slow                     Hex            53%          1%          2
 Dazzling Flash           Conj/Hex       100%         1%          3
 Mephitic Cloud           Conj/Pois/Air  70%          1%          3
 Stone Arrow              Conj/Erth      100%         1%          3
 Iskenderun's Mystic Bla  Conj/Tloc      73%          1%          4
 Irradiate                Conj/Tmut      38%          1%          5
 Lee's Rapid Deconstruct  Erth           26%          1%          5
 Iron Shot                Conj/Erth      40%          1%          6
 Orb of Destruction       Conj           50%          1%          7
 Blink                    Tloc           N/A          2%          2
 Call Imp                 Summ           26%          2%          2
 Petrify                  Tmut/Erth      48%          3%          4
 Spellforged Servitor     Conj/Summ      36%          7%          7
 Statue Form              Tmut/Erth      32%          52%         6
 Hydra Form               Tmut           21%          65%         6
 Dragon Form              Tmut           21%          99%         7


Dungeon Overview and Level Annotations

Branches:
Dungeon (15/15)            Temple (0/1) D:6            Lair (6/6) D:11
  Swamp (4/4) Lair:2       Spider (0/4) Lair:4        Slime (0/5) Lair:6
    Orc (2/2) D:11            Elf (0/3) Orc:2        Vaults (0/5) D:13
 Depths (0/5) D:15         Bailey (visited)

Altars:
Cheibriados
Dithmenos
Elyvilon
Fedhas
Gozag
Kikubaaqudgha
Nemelex Xobeh
Okawaru
Sif Muna
Trog
Uskayaw
Vehumet
Xom
Zin
The Shining One
Beogh
Jiyva

Shops:
D:11 [   Orc:1 =   Orc:2 *=([

Annotations:
D:13 3 runed translucent doors, jlumianski's ghost, journeyman GnWr
Swamp:2 2 runed translucent doors, SpoonFarmer's ghost, adept MiFi
Swamp:4 Nikola


Innate Abilities, Weirdness & Mutations

You can breathe blasts of noxious fumes.
Your lurid green scales are hard. (AC +9)
You cannot fit into any form of body armour.
Your tail ends in a poisonous barb.
Your system is resistant to poisons. (rPois)
You are cold-blooded and may be slowed by cold attacks.


Message History

The eight-headed hydra closely misses you.
The eight-headed hydra bites you!
The eight-headed hydra barely misses you.
The eight-headed hydra bites you but does no damage. x2
The bolt of magma hits Nikola!!
Nikola is heavily wounded.
Nikola hits you but does no damage.
You are electrocuted!
The eight-headed hydra bites you but does no damage.
The eight-headed hydra closely misses you.
The eight-headed hydra bites you but does no damage.
The eight-headed hydra barely misses you.
The eight-headed hydra bites you! x4
* * * LOW HITPOINT WARNING * * *
Nikola gestures wildly while chanting.
Nikola blinks!
The eight-headed hydra misses you. The eight-headed hydra bites you!
* * * LOW HITPOINT WARNING * * *
The eight-headed hydra closely misses you.
The eight-headed hydra misses you. The eight-headed hydra bites you!
You die...

♣♣♣♣♣ ♣≈≈≈♣ ♣♣♣♣≈§≈♣
≈≈ ###
♣♣..≈...♣♣♣≈≈?
♣§♣♣♣≈.♣♣♣♣....≈≈≈ ♣
♣§♣≈≈≈.♣♣♣.≈≈.≈≈≈≈
♣≈♣§≈≈≈♣♣♣♣.≈≈...≈≈≈
♣≈@D≈♣♣♣♣v≈≈..≈♣.≈§
♣♣.≈≈♣♣♣≈§..(≈..≈≈♣
♣≈≈≈@≈.≈♣≈≈♣≈§≈♣♣
♣≈≈≈..≈.♣♣♣♣♣♣♣♣
♣♣....≈≈♣ ♣≈.≈♣≈♣♣
♣♣♣♣♣♣♣


You could see Nikola and an eight-headed hydra.

Vanquished Creatures
  Jorgrun (D:14)
  2 orc warlords
  A stone giant (Orc:2)
  3 bunyips
  3 eleionomae
  Snorg (Lair:6)
  A fire dragon (Lair:6)
  A shambling mangrove (Swamp:3)
  15 hydras
  2 centaur warriors (D:13)
  A ghost crab (Swamp:3)
  Erica (D:8)
  14 two-headed ogres
  A boulder beetle (Lair:2)
  5 alligators
  2 ogre magi
  3 death yaks (Lair:4)
  2 orc high priests
  Urug (D:13)
  13 spriggans
  Sonja (Lair:6)
  A fire crab (Lair:6)
  An unseen horror (D:14)
  4 goliath frogs
  5 spriggan druids
  An obsidian statue (D:12)
  4 swamp dragons
  Pikel (D:4)
  6 orc knights
  3 bog bodies
  A necromancer (D:15)
  5 oklob plants
  4 orc sorcerers
  4 manticores
  A manticore (shapeshifter) (D:14)
  6 deep elf magi
  2 cyclopes
  3 will-o-the-wisps
  30 elephants
  Maurice (D:8)
  9 black mambas
  2 centaur zombies (D:15)
  Psyche (D:11)
  A molten gargoyle (Lair:6)
  A naga mage (D:15)
  14 cane toads
  A kobold demonologist (D:13)
  2 ice devils (D:12)
  A freezing wraith (D:15)
  17 komodo dragons
  6 tyrant leeches
  4 polar bears (D:12)
  2 jumping spiders
  4 trolls
  A harpy skeleton (D:15)
  13 hornets
  A bloated husk (Swamp:1)
  18 blink frogs
  7 slime creatures
  A centaur simulacrum (D:13)
  A shadow (D:12)
  2 wraiths
  2 water elementals
  2 redbacks (Lair:2)
  16 humans (D:13)
  40 yaks
  4 wyverns
  A vampire (D:14)
  A steam dragon (Lair:6)
  9 basilisks
  11 vampire mosquitoes
  A redback simulacrum (D:15)
  13 swamp worms
  A soldier ant (D:11)
  4 wargs (D:11)
  An acid dragon (D:12)
  14 water moccasins
  Duvessa (D:4)
  3 hell hounds (Lair:6)
  24 orc warriors
  An ice beast (D:8)
  3 sky beasts
  4 black bears
  13 ogres
  An eye of draining (D:12)
  2 necrophages
  14 wolves
  3 phantoms
  18 centaurs
  3 lemures (D:4)
  3 big kobolds
  A wyvern zombie (D:10)
  20 bullfrogs
  A wyvern skeleton (D:13)
  Dowan (D:4)
  3 scorpions
  9 killer bees
  13 wights
  6 howler monkeys
  5 electric eels
  The ghost of Saba the Bolt Thrower, a weakling GrHu (D:3)
  5 crimson imps
  8 lava snakes
  A quasit (D:13)
  A wyvern simulacrum (D:12)
  4 bullfrog zombies
  9 orc priests
  A water moccasin simulacrum (D:12)
  A gnoll shaman (D:5)
  6 hounds
  2 jellies
  18 orc wizards
  3 bullfrog skeletons
  A centaur skeleton (D:9)
  Natasha (thrice) (D:2)
  4 iguanas
  15 worker ants
  A killer bee zombie (D:8)
  2 hound zombies (D:5)
  A hound skeleton (D:8)
  A howler monkey zombie (D:6)
  A worker ant zombie (D:5)
  Robin (D:3)
  A gnoll (Bailey)
  A howler monkey skeleton (D:7)
  16 adders
  3 river rats
  4 shadow imps
  9 white imps
  5 ufetubi
  An ooze (D:5)
  A worm (D:2)
  3 dart slugs
  11 leopard geckos
  76 orcs
  A ball python (D:3)
  7 giant cockroaches
  14 goblins
  9 hobgoblins
  3 jackals (D:2)
  24 kobolds
  3 quokkas
  8 bats
  5 frilled lizards
  A jackal zombie (D:5)
  A leopard gecko zombie (D:5)
  3 quokka skeletons
  A quokka zombie (D:5)
  5 rats
844 creatures vanquished.

Vanquished Creatures (others)
  A molten gargoyle (Lair:6)
  A spriggan (Swamp:1)
  A centaur (D:11)
  A bush (Lair:6)
  16 foxfires
  84 fulminant prisms
  53 fungi
  64 plants
221 creatures vanquished.

Grand Total: 1065 creatures vanquished

Notes
Turn   | Place    | Note
-------+----------+-------------------------------------------
     0 | D:1      | nothank2 the Draconian Conjurer began the quest for the
                  | Orb.
     0 | D:1      | Reached XP level 1. HP: 14/14 MP: 3/3
     9 | D:1      | Noticed a halfling
     9 | D:1      | Noticed a merfolk
    11 | D:1      | Noticed a vine stalker
    13 | D:1      | Noticed a minotaur
    15 | D:1      | Noticed a spriggan
    17 | D:1      | Noticed a centaur
    17 | D:1      | Noticed a ghoul
    19 | D:1      | Noticed a dwarf
    19 | D:1      | Noticed a gargoyle
    21 | D:1      | Noticed a felid
    21 | D:1      | Noticed an elf
    23 | D:1      | Noticed a draconian
    25 | D:1      | Noticed a demonspawn
    25 | D:1      | Noticed a tengu
    27 | D:1      | Noticed a troll
    27 | D:1      | Noticed a vampire
    29 | D:1      | Noticed an octopode
    29 | D:1      | Noticed a naga
    31 | D:1      | Noticed a demigod
    31 | D:1      | Noticed a formicid
    33 | D:1      | Noticed an ogre
    33 | D:1      | Noticed a human
   416 | D:1      | Reached XP level 2. HP: 20/20 MP: 0/5
  1361 | D:1      | Learned a level 2 spell: Searing Ray
  1496 | D:2      | Reached XP level 3. HP: 26/26 MP: 0/6
  1629 | D:2      | Reached skill level 5 in Conjurations
  2112 | D:2      | Noticed Natasha
  2121 | D:2      | Killed Natasha
  2122 | D:2      | Reached XP level 4. HP: 7/33 MP: 1/7
  2539 | D:2      | Noticed Natasha
  2543 | D:2      | Killed Natasha
  2667 | D:2      | Noticed Natasha
  2671 | D:2      | Killed Natasha
  2672 | D:2      | Reached XP level 5. HP: 38/38 MP: 4/9
  2849 | D:3      | Learned a level 4 spell: Fulminant Prism
  3057 | D:3      | Found a runed translucent door.
  3058 | D:3      | Noticed Saba's ghost (weakling GrHu)
  3068 | D:3      | Found a shimmering altar of Xom.
  3080 | D:3      | Reached skill level 6 in Conjurations
  3333 | D:3      | Reached XP level 6. HP: 45/45 MP: 1/11
  3552 | D:3      | Found a runed translucent door.
  3643 | D:3      | Noticed Robin
  3646 | D:3      | Killed Robin
  3762 | D:3      | Found an iron altar of Okawaru.
  4011 | D:4      | Noticed Pikel
  4018 | D:4      | Killed Pikel
  4019 | D:4      | Reached skill level 5 in Spellcasting
  4019 | D:4      | Reached skill level 7 in Conjurations
  4019 | D:4      | Your scales start taking on a lurid green colour.
  4019 | D:4      | Reached XP level 7. HP: 50/50 MP: 3/14
  4019 | D:4      | Gained mutation: Your system is resistant to poisons.
                  | (rPois) [Green Draconian growth]
  4429 | D:4      | Noticed Duvessa
  4430 | D:4      | Noticed Dowan
  4439 | D:4      | Killed Dowan
  4440 | D:4      | Killed Duvessa
  4876 | D:4      | Found a bloodstained altar of Trog.
  4904 | D:5      | Entered Level 5 of the Dungeon
  4995 | D:5      | Reached XP level 8. HP: 57/57 MP: 10/16
  5488 | D:5      | Found a radiant altar of Vehumet.
  5498 | D:5      | Became a worshipper of Vehumet
  6477 | D:6      | Reached skill level 8 in Conjurations
  6761 | D:6      | Found a white marble altar of Elyvilon.
  6849 | D:6      | Reached * piety under Vehumet
  6849 | D:6      | Offered knowledge of Sandblast by Vehumet.
  7059 | D:6      | Found a staircase to the Ecumenical Temple.
  7740 | D:6      | Reached XP level 9. HP: 62/62 MP: 14/19
  7959 | D:7      | Reached skill level 9 in Conjurations
  8165 | D:7      | Found a glowing golden altar of the Shining One.
  8301 | D:7      | Reached ** piety under Vehumet
  8509 | D:7      | Found a glowing silver altar of Zin.
  8519 | D:7      | Offered knowledge of Freeze by Vehumet.
  9006 | D:8      | Learned a level 1 spell: Freeze
  9287 | D:8      | Offered knowledge of Frozen Ramparts by Vehumet.
  9292 | D:8      | Learned a level 3 spell: Frozen Ramparts
  9320 | D:8      | Found a hide-covered altar of Uskayaw.
  9442 | D:8      | Reached skill level 1 in Ice Magic
  9884 | D:8      | Noticed Maurice
  9887 | D:8      | Reached *** piety under Vehumet
  9888 | D:8      | Killed Maurice
  9889 | D:8      | Reached skill level 10 in Conjurations
  9889 | D:8      | Reached XP level 10. HP: 61/69 MP: 15/22
  9988 | D:8      | Noticed Erica
 10007 | D:8      | Killed Erica
 10224 | D:8      | Learned a level 5 spell: Irradiate
 10295 | D:8      | Found an iron altar of Okawaru.
 10335 | D:9      | Found an ancient bone altar of Kikubaaqudgha.
 10392 | D:9      | Noticed a two-headed ogre
 10398 | D:9      | Killed a two-headed ogre
 11088 | D:9      | Offered knowledge of Conjure Flame by Vehumet.
 11440 | D:9      | Learned a level 5 spell: Bolt of Magma
 11456 | D:9      | Found a snail-covered altar of Cheibriados.
 11456 | D:9      | Found a shimmering blue altar of Sif Muna.
 11547 | D:9      | Found a sparkling altar of Nemelex Xobeh.
 11589 | D:10     | Entered Level 10 of the Dungeon
 11874 | D:10     | Reached skill level 1 in Fire Magic
 11877 | D:10     | Reached skill level 11 in Conjurations
 11878 | D:10     | Reached skill level 10 in Spellcasting
 12110 | D:10     | Reached XP level 11. HP: 73/74 MP: 22/25
 12138 | D:10     | Reached **** piety under Vehumet
 12434 | D:10     | Found a blossoming altar of Fedhas.
 12661 | D:10     | Offered knowledge of Lightning Bolt by Vehumet.
 12747 | D:10     | Learned a level 5 spell: Lightning Bolt
 12989 | D:11     | Found a staircase to the Orcish Mines.
 13156 | D:11     | You fall into a shaft and drop 3 floors!
 13205 | D:13     | Noticed a deep elf mage
 13209 | D:13     | Killed a deep elf mage
 13355 | D:13     | Noticed a two-headed ogre
 13359 | D:13     | Noticed a two-headed ogre
 13360 | D:13     | Noticed an ogre mage
 13362 | D:13     | Killed a two-headed ogre
 13363 | D:13     | Reached skill level 1 in Earth Magic
 13364 | D:13     | Killed a two-headed ogre
 13367 | D:13     | Noticed a deep elf mage
 13374 | D:13     | Killed a deep elf mage
 13557 | D:13     | Found a shadowy altar of Dithmenos.
 13591 | D:13     | Reached skill level 1 in Air Magic
 13734 | D:13     | Noticed a two-headed ogre
 13745 | D:13     | Noticed a centaur warrior
 13753 | D:13     | Killed a centaur warrior
 13754 | D:13     | Reached skill level 5 in Fire Magic
 13915 | D:13     | Noticed Urug
 14066 | D:12     | Noticed an obsidian statue
 14088 | D:12     | Noticed a two-headed ogre
 14101 | D:12     | Killed a two-headed ogre
 14102 | D:12     | Reached skill level 12 in Conjurations
 14120 | D:12     | Noticed a deep elf mage
 14129 | D:12     | Killed a deep elf mage
 14297 | D:11     | Found a staircase to the Lair.
 14844 | D:11     | Found Vifiabu Deoq's Antique Armour Shoppe.
 14847 | D:11     | Bought a hat for 128 gold pieces
 15055 | D:11     | Noticed Psyche
 15062 | D:11     | Killed Psyche
 15063 | D:11     | Reached XP level 12. HP: 66/81 MP: 14/27
 15524 | Lair:1   | Entered Level 1 of the Lair of Beasts
 15657 | Lair:1   | Noticed a six-headed hydra
 15662 | Lair:1   | Killed a six-headed hydra
 15837 | Lair:1   | Reached skill level 1 in Fighting
 17203 | Lair:2   | Found a runed translucent door.
 17354 | Lair:2   | Noticed a boulder beetle
 17357 | Lair:2   | Got a smouldering whip
 17378 | Lair:2   | Noticed a boulder beetle
 17978 | D:12     | Noticed a five-headed hydra
 18383 | D:12     | Killed a five-headed hydra
 18536 | D:12     | Reached skill level 1 in Staves
 19203 | D:12     | Reached skill level 13 in Conjurations
 20787 | D:12     | Found an opulent altar of Gozag.
 21399 | D:13     | Found a gate to the Vaults.
 21399 | D:13     | Noticed a centaur warrior
 21572 | Lair:2   | Noticed an eight-headed hydra
 21590 | Lair:2   | Killed an eight-headed hydra
 21591 | Lair:2   | Reached XP level 13. HP: 81/94 MP: 12/29
 21733 | Lair:2   | Reached skill level 1 in Transmutations
 22113 | Lair:2   | Found a staircase to the Swamp.
 22530 | Lair:2   | Got a steaming marble ring
 22702 | Lair:2   | Identified the ring of Leukok {EV+4 Str+7 Stlth+} (You
                  | found it on level 2 of the Lair of Beasts)
 22713 | Lair:2   | Identified the +3 whip of Undoing {elec, Int+9} (You found
                  | it on level 2 of the Lair of Beasts)
 23070 | Lair:3   | Reached ***** piety under Vehumet
 23277 | Lair:3   | Offered knowledge of Lee's Rapid Deconstruction by Vehumet.
 24629 | Lair:4   | Reached skill level 14 in Conjurations
 25601 | Lair:4   | Found a hole to the Spider Nest.
 27067 | D:13     | Gained mutation: Your tail ends in a poisonous barb. [Green
                  | Draconian growth]
 27067 | D:13     | Reached XP level 14. HP: 102/102 MP: 14/32
 27513 | D:13     | Found a runed translucent gate.
 27513 | D:13     | Found a runed translucent gate.
 27514 | D:13     | Found a runed translucent gate.
 27514 | D:13     | Noticed jlumianski's ghost (journeyman GnWr)
 27582 | D:13     | Paralysed by Urug for 3 turns
 27586 | D:13     | Killed Urug
 28437 | D:3      | Killed Saba's ghost
 29039 | D:14     | Reached skill level 15 in Conjurations
 29481 | D:14     | Noticed Jorgrun
 29492 | D:14     | Killed Jorgrun
 29893 | D:14     | Found a glowing golden altar of the Shining One.
 30466 | D:15     | Entered Level 15 of the Dungeon
 31078 | D:15     | Found a staircase to the Depths.
 31646 | D:15     | Reached skill level 15 in Spellcasting
 31838 | D:15     | Offered knowledge of Starburst by Vehumet.
 31846 | D:15     | Learned a level 6 spell: Starburst
 33102 | Lair:5   | Reached skill level 16 in Conjurations
 33337 | Lair:6   | Entered Level 6 of the Lair of Beasts
 33547 | Lair:6   | Learned a level 3 spell: Mephitic Cloud
 34319 | Lair:6   | Noticed Sonja
 34323 | Lair:6   | Killed Sonja
 34324 | Lair:6   | Reached XP level 15. HP: 107/107 MP: 30/34
 34414 | Lair:6   | Reached skill level 17 in Conjurations
 34546 | Lair:6   | Found a staircase to the Slime Pits.
 34547 | Lair:6   | Found a viscous altar of Jiyva.
 35315 | Lair:6   | Noticed Snorg
 35320 | Lair:6   | Killed Snorg
 35825 | Lair:6   | Reached skill level 18 in Conjurations
 36270 | Lair:6   | Offered knowledge of Conjure Ball Lightning by Vehumet.
 36291 | Lair:6   | Reached skill level 1 in Poison Magic
 36564 | Lair:6   | Found a large runed translucent door.
 36564 | Lair:6   | Found a large runed translucent door.
 37318 | Orc:1    | Entered Level 1 of the Orcish Mines
 37493 | Orc:1    | You fall into a shaft and drop 1 floor!
 37493 | Orc:2    | Entered Level 2 of the Orcish Mines
 37508 | Orc:1    | Found Wekuraf's Jewellery Shop.
 37527 | Orc:1    | Found a flagged portal.
 37537 | Bailey   | Entered a bailey
 37569 | Bailey   | Noticed an orc warlord
 37659 | Bailey   | Found a runed translucent gate.
 37661 | Bailey   | Found a runed translucent gate.
 37663 | Bailey   | Found a runed translucent gate.
 37833 | Bailey   | Killed an orc warlord
 38198 | Orc:1    | Found a roughly hewn altar of Beogh.
 38633 | Orc:2    | Found a staircase to the Elven Halls.
 39325 | Orc:2    | Noticed an orc warlord
 39332 | Orc:2    | Killed an orc warlord
 39859 | Orc:2    | Found a roughly hewn altar of Beogh.
 40125 | Orc:2    | Found Zallac's Jewellery Shoppe.
 40175 | Orc:2    | Found Vyun's General Store.
 40183 | Orc:2    | Found Cedghyby's Antique Weapon Shoppe.
 40291 | Orc:2    | Bought a scroll of teleportation for 36 gold pieces
 40291 | Orc:2    | Bought a potion of curing for 36 gold pieces
 40597 | Orc:2    | Found Catoung's Antique Armour Shoppe.
 40807 | Swamp:1  | Entered Level 1 of the Swamp
 40840 | Swamp:1  | Reached XP level 16. HP: 96/114 MP: 25/35
 41786 | Swamp:1  | HP: 3/117 [spriggan druid/angry trees (13)]
 42224 | Swamp:1  | Offered knowledge of Ozocubu's Refrigeration by Vehumet.
 42240 | Swamp:1  | Learned a level 6 spell: Ozocubu's Refrigeration
 42988 | Swamp:2  | Reached skill level 5 in Fighting
 43392 | Swamp:2  | Found a large runed translucent door.
 43392 | Swamp:2  | Found a large runed translucent door.
 43395 | Swamp:2  | Noticed SpoonFarmer's ghost (adept MiFi)
 45243 | Swamp:4  | Entered Level 4 of the Swamp
 45471 | Swamp:4  | Reached skill level 5 in Ice Magic
 45506 | Swamp:4  | Noticed Nikola
 46099 | Swamp:4  | Slain by an eight-headed hydra

Illustrated notes

Levels and vault maps discovered:
D:1:      kb_arrival_jail, layout_loops_ring
D:2:      layout_rooms, kennysheep_generic_room_9, uniq_natasha
D:3:      layout_rooms, led_xom_imps, ebering_ghost_sewer_f,
          roderic_roman_lattice, okawaru_trees_2, uniq_robin
D:4:      layout_loops_cross, kennysheep_mini_moat, kennysheep_generic_room_11,
          uniq_pikel, uniq_duvessa
D:5:      layout_loops_ring, vehumet_altar_wand_db, gup_sewer_entry_spiral,
          minmay_hedge_maze, minmay_puff
D:6:      layout_loops_corners, elyvilon_altar_5, minmay_temple_entry_grid
D:7:      layout_basic, kennysheep_little_box, basic_altar
D:8:      layout_basic, nicolae_overflow_hidden_temple,
          lemuel_coloured_pillars_altar, uniq_erica, uniq_maurice
D:9:      layout_irregular_city, marbit_many_paths, lemuel_crystal_altar,
          gammafunk_temple_overflow_wave, minmay_fire_ice_demons
D:10:     layout_basic, fedhas_altar_1
D:11:     layout_gridville, david_lair_shrubbed, minmay_orc_entry_guard_dogs,
          serial_shops, kennysheep_mini, uniq_psyche
D:12:     layout_stronghold, serial_ice, serial_ice_l, serial_ice_b,
          serial_ice_f, serial_ice_c, serial_ice_e, serial_ice_o, serial_ice_g,
          portal_ice_cave_demonic_guard, minivault_16,
          nicolae_gozag_seed_capital
D:13:     layout_stronghold, david_vaults_3, gammafunk_ghost_nasty_kobolds,
          nicolae_dithmenos_the_darkroom
D:14:     layout_long_grid, tso_altar, uniq_jorgrun
D:15:     grunt_enter_depths_magical_seal, layout_grid_maze,
          serial_park_fountain, feat_on_display
Lair:1:   layout_regular_city, amcnicky_mini_pool_medium,
          infiniplex_staircase_pool_2
Lair:2:   gammafunk_indiana_jones, layout_layer_cave, palyth_hydra_swamp_entry
Lair:3:   layout_regular_city, hangedman_lair_unloving_vines
Lair:4:   layout_regular_city, spider_nest_entry_rubble, grunt_megastairs_1,
          lemuel_fruit_tree, minmay_lair_oklob_chamber
Lair:5:   layout_regular_city, minmay_lair_oklob_bushes, uniq_urug
Lair:6:   cheibrodos_lair_end_hotspot, layout_long_grid, slime_altar_1,
          nicolae_quartered_pool_medium, uniq_sonja, uniq_snorg
Swamp:1:  layout_falls_marsh, evilmike_swamp_ruin_house_5, swamp_pool4,
          hangedman_swamp_cone
Swamp:2:  layout_basic_swamp, ebering_ghost_disaster_area,
          nicolae_swamp_dense_foliage
Swamp:3:  layout_basic_swamp, evilmike_swamp_ruin_house_3
Swamp:4:  swamp_basic_johnstein, layout_basic_swamp, gammafunk_ghost_hydra_chop,
          swamp_pool5, uniq_nikola
Orc:1:    layout_caves, enter_bailey_6, serial_shops, shop, mines2_david
Orc:2:    grunt_orc_cross, layout_diamond_mine

Skill      XL: |  1  2  3  4  5  6  7  8  9 10 11 12 13 14 15 16 |
---------------+-------------------------------------------------+-----
Conjurations   | 5 6 7 8 10 11 12 13 14 16 18 | 18.9
Spellcasting   | 3 5 7 8 10 11 12 14 15 16 | 16.0
Hexes          | 2 3 4 |  4.3
Dodging        | 2 4 |  4.0
Ice Magic      | 1 4 5 |  5.0
Fire Magic     | 2 5 6 8 |  8.4
Earth Magic    | 1 4 |  4.3
Air Magic      | 1 2 |  2.0
Fighting       | 3 6 |  6.1
Staves         | 3 |  3.0
Transmutations | 2 |  2.3
Poison Magic   | 4 |  4.4
Stealth        | |  1.7

Action                   |  1- 3 |  4- 6 |  7- 9 | 10-12 | 13-15 | 16-18 || total
-------------------------+-------+-------+-------+-------+-------+-------++-------
Melee: Unarmed           |     5 |       |       |       |       |       ||     5
       Dagger            |    20 |       |       |    37 |       |       ||    57
       Tailslap          |     2 |     3 |     2 |     2 |     2 |     2 ||    13
       Long sword        |     3 |    13 |     5 |       |       |       ||    21
       Staff             |       |       |     7 |     1 |       |       ||     8
       Whip              |       |       |       |       |    36 |    11 ||    47
 Cast: Magic Dart        |    57 |    41 |   103 |   175 |   122 |    11 ||   509
       Searing Ray       |     5 |    14 |    80 |   107 |    51 |    12 ||   269
       Fulminant Prism   |       |       |     7 |    23 |    52 |     2 ||    84
       Bolt of Magma     |       |       |       |    74 |   378 |   120 ||   572
       Irradiate         |       |       |       |     4 |    23 |       ||    27
       Frozen Ramparts   |       |       |       |     5 |     3 |       ||     8
       Lightning Bolt    |       |       |       |    17 |    75 |    27 ||   119
       Freeze            |       |       |       |     4 |     2 |     1 ||     7
       Starburst         |       |       |       |       |    14 |     1 ||    15
       Mephitic Cloud    |       |       |       |       |     1 |       ||     1
       Ozocubu's Refrige |       |       |       |       |       |     2 ||     2
 Abil: Breathe Noxious F |       |       |       |     3 |     2 |     2 ||     7
Evoke: Wand              |       |       |       |       |     1 |       ||     1
  Use: Scroll            |     3 |       |    10 |    11 |    14 |     2 ||    40
       Potion            |       |       |       |     3 |       |     1 ||     4
 Stab: Sleeping          |     1 |     1 |     1 |       |       |       ||     3
Armor: Skin              |    13 |     6 |    25 |    73 |    73 |    32 ||   222
Dodge: Dodged            |    27 |    27 |    52 |   231 |   280 |    68 ||   685
       Rpst.: Long sword |     1 |     7 |     1 |       |       |       ||     9
       Scimitar          |       |       |       |     4 |       |       ||     4
